 Dungeon Crawl Stone Soup version 0.24.0-13-gcf9b319 (webtiles) character file.

Game seed: 17551678256498155080, levelgen mode: deterministic

362 Fang the Skirmisher (level 6, -1/40 HPs)
             Began as a Gargoyle Berserker on Nov 18, 2019.
             Was a Believer of Trog.
             Slain by Grinder (2 damage)
             ... on level 3 of the Dungeon.
             The game lasted 00:04:16 (3244 turns).

Fang the Skirmisher (Gargoyle Berserker)            Turns: 3244, Time: 00:04:17

Health: -1/40      AC:  7    Str: 22    XL:     6   Next: 66%
Magic:  6/6        EV: 13    Int:  8    God:    Trog [**....]
Gold:   118        SH:  0    Dex:  9    Spells: 5/5 levels left

rFire    . . .     SeeInvis .   a - +0 hand axe
rCold    . . .     Gourm    .   (no shield)
rNeg     + . .     Faith    .   b - +0 animal skin
rPois    ∞         Spirit   .   (no helmet)
rElec    +         Reflect  .   (no cloak)
rCorr    .         Harm     .   (no gloves)
MR       ++...                  (no boots)
Stlth    +.........             (no amulet)
HPRegen  1.13/turn              l - +1 ring of protection
MPRegen  0.10/turn              (no ring)

@: berserk cooldown, regenerating, slowed, very slow
A: negative energy resistance 1, electricity resistance, unbreathing,
petrification resistance, rot immunity, AC +4
a: Berserk, Trog's Hand, Renounce Religion


You were on level 3 of the Dungeon.
You worshipped Trog.
Trog was pleased with you.
You were near starving.

You visited 1 branch of the dungeon, and saw 4 of its levels.

You collected 118 gold pieces.

Inventory:

Hand Weapons
 a - a +0 hand axe (weapon)
Armour
 b - a +0 animal skin (worn)
Jewellery
 l - a +1 ring of protection (left hand)
Scrolls
 f - 4 scrolls of identify {unknown}
 g - a scroll of teleportation {unknown}
 i - a scroll of enchant armour {unknown}
 j - a scroll of amnesia {unknown}
 m - a scroll of magic mapping {unknown}
 n - a scroll of remove curse {unknown}
 o - a scroll of fog {unknown}
 r - a scroll of immolation {unknown}
 s - a scroll of random uselessness {unknown}
Potions
 d - a potion of mutation {unknown}
 e - a potion of heal wounds {unknown}
 h - a potion of cancellation {unknown}
 k - 2 potions of curing {unknown}
 p - a potion of lignification {unknown}
 q - a potion of flight {unknown}
Comestibles
 c - 6 rations
 t - 2 chunks of flesh


   Skills:
 + Level 4.8 Fighting
 + Level 4.0 Axes
 + Level 4.2 Armour
 + Level 3.1 Dodging


You had 5 spell levels left.
You didn't know any spells.
Your spell library was empty.

Dungeon Overview and Level Annotations

Branches:
Dungeon (4/15)
 Temple: D:4-7

Altars:
Okawaru

Annotations:
D:3 Grinder


Innate Abilities, Weirdness & Mutations

You are resistant to torment.
Your stone body is resilient. (AC +4)
You are immune to poison.
You resist negative energy. (rN+)
You are resistant to electric shocks. (rElec)
You can survive without breathing.
You are immune to petrification.
You are immune to rotting.


Message History

You hit Grinder. You hit the howler monkey.
You kill the howler monkey!
Trog accepts your kill.
Your Axes skill increases to level 4!
Grinder misses you.
Grinder blinks!
You see here an iguana corpse.
You butcher the iguana corpse.
You feel a strong urge to attack something.
You are no longer berserk.
You are exhausted.
You feel yourself slow down.
Things that are here:
2 chunks of flesh; an iguana skeleton
t - 2 chunks of flesh You feel the effects of Trog's Hand fading.
Grinder hits you.
* * * LOW HITPOINT WARNING * * *
You writhe in agony.
You die...

#.##....≈≈≈≈≈≈≈####8..8#######...
#..####.......#...#.[..##........
##.##########.#.#.#....##.#####..
.........# #.#........##.# #..
)......(.# #.....####)##.# #..
)........#####.........##.# ###
...#######.........##.....# ...#
#.........##.##### ...#
#.....>@..##.# ...#
#......5..##.# ##.#
#.........##.# #.# ######..####.#
#.# #........# #.# #.######## #.#
#....# #.# #.##.###### #.#
#.........#


You could see Grinder.

Vanquished Creatures
  An ogre (D:3)
  A howler monkey (D:3)
  2 orc wizards (D:3)
  An iguana (D:3)
  4 gnolls (D:2)
  2 adders
  2 oozes
  2 worms (D:2)
  4 leopard geckos
  4 orcs (D:3)
  2 ball pythons (D:1)
  3 giant cockroaches
  3 hobgoblins
  4 jackals (D:3)
  9 kobolds
  3 quokkas (D:2)
  9 bats
  6 frilled lizards
  9 goblins
  6 rats
77 creatures vanquished.

Notes
Turn   | Place    | Note
-------+----------+-------------------------------------------
     0 | D:1      | Fang the Gargoyle Berserker began the quest for the Orb.
     0 | D:1      | Reached XP level 1. HP: 14/14 MP: 1/1
   137 | D:1      | Reached XP level 2. HP: 8/19 MP: 2/2
  1101 | D:2      | Reached XP level 3. HP: 20/23 MP: 3/3
  1186 | D:2      | Reached XP level 4. HP: 29/29 MP: 4/4
  1375 | D:2      | Reached ** piety under Trog
  2019 | D:3      | Reached XP level 5. HP: 25/33 MP: 5/5
  2274 | D:3      | Noticed an ogre
  2282 | D:3      | Killed an ogre
  2282 | D:3      | Reached XP level 6. HP: 10/39 MP: 6/6
  2559 | D:3      | Found an iron altar of Okawaru.
  3217 | D:4      | Noticed Grinder
  3218 | D:4      | Paralysed by Grinder for 7 turns
  3244 | D:3      | HP: 1/40 [Grinder (6)]
  3244 | D:3      | Slain by Grinder

Levels and vault maps discovered:
D:1:      dpeg_arrival_solitude, layout_basic
D:2:      kennysheep_six_static_rooms, layout_loops_ring
D:3:      wander_river, layout_basic, lemuel_doored_altar, first_ration
D:4:      minmay_recursive_quarters, layout_rooms,
          nicolae_overflow_crystal_walls, serial_shops, nicolae_shop_waterfront,
          minmay_bisected, uniq_grinder

Skill      XL: |  1  2  3  4  5  6 |
---------------+-------------------+-----
Axes           | 3 4 |  4.0
Dodging        | 2 3 |  3.1
Armour         | 3 4 |  4.2
Fighting       | 4 |  4.8

Action                   |  1- 3 |  4- 6 || total
-------------------------+-------+-------++-------
Melee: Hand axe          |    99 |   136 ||   235
Invok: Berserk           |     1 |     3 ||     4
       Trog's Hand       |       |     1 ||     1
  Eat: Chunk             |     1 |     9 ||    10
Armor: Animal skin       |    29 |    68 ||    97
Dodge: Dodged            |    64 |   113 ||   177
